 Dungeon Crawl Stone Soup version 0.23.2-40-g277498a001 (webtiles) character file.

Game seed: 2235541329219226912

51 Destapler the Sneak (level 3, 0/45 HPs)
             Began as a Naga Fire Elementalist on Aug 18, 2019.
             Slain by Crazy Yiuf
             ... wielding a +4 quarterstaff of chaos
              (5 damage)
             ... on level 2 of the Dungeon.
             The game lasted 00:10:18 (1965 turns).

Destapler the Sneak (Naga Fire Elementalist)        Turns: 1965, Time: 00:10:18

Health: 0/45       AC:  2    Str: 15    XL:     3   Next: 81%
Magic:  1/6        EV: 10    Int: 15    God:
Gold:   115        SH:  0    Dex: 15    Spells: 5/6 levels left

rFire    . . .     SeeInvis +   a - +0 spear (venom)
rCold    . . .     Gourm    .   (no shield)
rNeg     . . .     Faith    .   d - +0 robe
rPois    +         Spirit   .   (no helmet)
rElec    .         Reflect  .   (no cloak)
rCorr    .         Harm     .   (no gloves)
MR       .....     Rnd*Tele +   (no barding)
Stlth    ..........             (no amulet)
HPRegen  0.15/turn              q - +3 ring of dexterity
MPRegen  0.10/turn              o - ring of teleportation (curse)

@: berserking, short of breath, quick
A: large, see invisible, deformed body, poison resistance, slowness 2, slow
metabolism 1, spit poison 1, AC +1
a: Spit Poison


You were on level 2 of the Dungeon.
You were hungry.

You visited 1 branch of the dungeon, and saw 2 of its levels.

You collected 115 gold pieces.

Inventory:

Hand Weapons
 a - a +0 spear of venom (weapon)
 b - a +2 hunting sling of freezing
Missiles
 e - 111 stones (quivered)
 k - 24 sling bullets
Armour
 d - a +0 robe (worn)
Jewellery
 g - an uncursed ring of flight
 o - a cursed ring of teleportation (right hand)
 q - a +3 ring of dexterity (left hand)
 r - an uncursed ring of ice
Wands
 m - a wand of paralysis (5)
Scrolls
 h - a scroll of magic mapping {unknown}
 i - a scroll of immolation {unknown}
 l - a scroll of enchant armour {unknown}
 n - 4 scrolls of identify {unknown}
Potions
 f - a potion of resistance {unknown}
 j - a potion of curing {unknown}
 p - a potion of magic {unknown}
Comestibles
 c - 6 rations


   Skills:
 + Level 0.8 Fighting
 + Level 1.9 Dodging
 + Level 3.4 Stealth
 + Level 2.4 Spellcasting
 * Level 1.9 Conjurations
 + Level 3.2 Fire Magic
 + Level 0.3 Evocations


You had 5 spell levels left.
You knew the following spells:

 Your Spells              Type           Power        Failure   Level  Hunger
a - Flame Tongue          Conj/Fire      #....        8%          1    #......

Your spell library contained the following spells:

 Spells                   Type           Power        Failure   Level  Hunger
 Throw Flame              Conj/Fire      #.....       11%         2    ###....
 Conjure Flame            Conj/Fire      #.......     22%         3    ###....
 Inner Flame              Hex/Fire       #.......     32%         3    ###....
 Sticky Flame             Conj/Fire      #.......     58%         4    #####..
 Fireball                 Conj/Fire      #.........   90%         5    ######.


Dungeon Overview and Level Annotations

Branches:
Dungeon (2/15)

Altars:

Annotations:
D:2 Crazy Yiuf


Innate Abilities, Weirdness & Mutations

You cannot wear boots.
Your serpentine skin is tough. (AC +1)
You have supernaturally acute eyesight. (SInv)
Armour fits poorly on your strangely shaped body.
Your system is resistant to poisons. (rPois)
You cover ground very slowly.
You have a slow metabolism.
You can spit poison.


Message History

Crazy Yiuf hits you with a +4 quarterstaff of chaos!
Crazy Yiuf freezes you.
Crazy Yiuf hits you with a +4 quarterstaff of chaos.
* * * LOW HITPOINT WARNING * * *
A red film seems to cover your vision as you go berserk!
You feel yourself moving faster!
You feel mighty!
Your +2 hunting sling of freezing stops glowing.
Your +0 spear of venom begins to drip with poison!
a - a +0 spear of venom (weapon)
You puncture Crazy Yiuf!
Crazy Yiuf is heavily wounded.
Crazy Yiuf hits you with a +4 quarterstaff of chaos!
* * * LOW HITPOINT WARNING * * *
You feel your power leaking away.
You barely miss Crazy Yiuf.
Crazy Yiuf is heavily wounded.
You barely miss Crazy Yiuf.
Crazy Yiuf is heavily wounded.
Crazy Yiuf hits you with a +4 quarterstaff of chaos.
You die...

###..........########.##
#..........# #..#
#..........# ##.##
#..........# #..#
#....####### ##.# #....#
#.## #....# ♣♣♣♣♣##..#
###### ### ♣♣♣.♣.P..#.#
#...#♣@.♣..♣)...#
#...'g♣♣♣♣P.)...#
#)..#♣♣ ♣♣P...## ###
♣♣####


You could see Crazy Yiuf.

Vanquished Creatures
  A gnoll (D:1)
  2 adders (D:2)
  A giant cockroach (D:1)
  2 goblins
  3 hobgoblins
  5 kobolds
  A quokka (D:2)
  3 bats
  A frilled lizard (D:1)
  6 rats
  2 fungi (D:2)
27 creatures vanquished.

Notes
Turn   | Place    | Note
-------+----------+-------------------------------------------
     0 | D:1      | Destapler the Naga Fire Elementalist began the quest for
                  | the Orb.
     0 | D:1      | Reached XP level 1. HP: 15/15 MP: 3/3
   420 | D:1      | Reached XP level 2. HP: 22/22 MP: 5/5
  1145 | D:2      | Reached XP level 3. HP: 24/30 MP: 6/6
  1950 | D:2      | Found a runed translucent door.
  1951 | D:2      | Noticed Crazy Yiuf
  1965 | D:2      | Slain by Crazy Yiuf

Action                   || total
-------------------------++-------
Melee: Dagger            ||    12
       Hand axe          ||     3
       Spear             ||    65
 Fire: Hunting sling     ||     4
 Cast: Flame Tongue      ||    11
 Abil: Spit Poison       ||     5
       Evoke Flight      ||     1
 Stab: Sleeping          ||     6
  Eat: Chunk             ||     2
Armor: Robe              ||    11
Dodge: Dodged            ||    18
